 Dungeon Crawl Stone Soup version 0.26.1-11-gd32895ea62 (webtiles) character file.

Game seed: 12200757238183878773

89 Tirrikindir the Skirmisher (level 4, 31/31 HPs)
             Began as an Octopode Fighter on June 7, 2021.
             Was a Follower of Uskayaw.
             Got out of the dungeon alive.
             The game lasted 00:02:46 (2138 turns).

Tirrikindir the Skirmisher (Octopode Fighter)       Turns: 2138, Time: 00:02:47

Health: 31/31      AC:  1    Str: 15    XL:     4   Next: 55%
Magic:  4/4        EV: 12    Int: 10    God:    Uskayaw [*.....]
Gold:   36         SH:  9    Dex: 12    Spells: 3/3 levels left

rFire    + . .     SeeInvis .   a - +0 long sword
rCold    . . .     Faith    .   b - +1 kite shield
rNeg     . . .     Spirit   .   (helmet restricted)
rPois    .         Reflect  .   (no amulet)
rElec    .         Harm     .   h - ring of protection from fire
rCorr    .         Rampage  .   k - ring of willpower
Will     +....                  (no ring)
Stlth    +++.......             (no ring)
HPRegen  0.10/turn              (no ring)
MPRegen  0.09/turn              (no ring)
                                (no ring)
                                (no ring)

@: no status effects
A: almost no armour, stealthy swim, amphibious, 8 rings, constrict 8, camouflage
1, gelatinous body 1
a: Renounce Religion, Stomp


You escaped.
You worshipped Uskayaw.
Uskayaw was noncommittal.
You visited 1 branch of the dungeon, and saw 2 of its levels.

You collected 36 gold pieces.

Inventory:

Hand Weapons
 a - a +0 long sword (weapon)
 d - a +0 short sword
Armour
 b - a +1 kite shield (worn)
Jewellery
 h - a ring of protection from fire (left tentacle)
 k - a ring of willpower (right tentacle)
Potions
 c - a potion of might
 e - a potion of haste
 f - 2 potions of curing
 g - a potion of berserk rage
 j - a potion of brilliance


   Skills:
 + Level 3.4 Fighting
 * Level 3.2 Long Blades
 + Level 3.4 Dodging
 + Level 2.1 Stealth
 + Level 3.3 Shields


You had 3 spell levels left.
You didn't know any spells.
Your spell library was empty.

Dungeon Overview and Level Annotations

Branches:
Dungeon (2/15)

Altars:
Makhleb
Uskayaw


Innate Abilities, Weirdness & Mutations

You cannot wear most types of armour.
You are very stealthy in the water. (Stealth+)
You are amphibious.
You can wear up to eight rings at the same time.
You can use your tentacles to constrict eight enemies at once.
Your skin changes colour to match your surroundings (Stealth+).
Your rubbery body absorbs attacks. (AC +1, EV +1)


Message History

The bat is heavily wounded.
You constrict the bat.
You kill the bat!
Found a faded altar of an unknown god.
There is a faded altar of an unknown god here.
You cannot tell which god this altar belongs to.
Convert to them anyway?
Okay, then.
You cannot tell which god this altar belongs to.
Convert to them anyway?
Uskayaw accepts your prayer! Uskayaw welcomes you!
You can now stomp with the beat.
(D) Dungeon
Where to? (Enter - D:2 @ (x,y), ? - help)
What level of the Dungeon? (default 1, ? - help)
There is a stone staircase leading up here.
You climb upwards.
There is a stone staircase leading down here.
There is a staircase leading out of the dungeon here.
Are you sure you want to leave the Dungeon?
This will make you lose the game!
You have escaped!

#########.##.......###..######.#.
#.....#.###.......##.## #.#.
#.....#.# ######..##.# #.#.
###.....#.# ######..##.# #.#.
........#.###.......##.# #.#.
####....#.##.......###.# #.#.
#....#.##..###### #.# #.#. ##
#....#.##..#..### #.# #.#. .#
#....#.##....@..###.# #..( .#
#....#.###.......##.# #### .#
#....#.# ###..#..##.# '###....#.#
######..##.#
...'.####.###.......##.# '###.#
#.##.......###.# .# #.#
#.##..###### #.# .# #.##
#.##..###### #.# .#
#..###.##.......###.#


There were no monsters in sight!

Vanquished Creatures
  4 adders (D:2)
  An ooze (D:1)
  3 worms (D:2)
  2 dart slugs
  A leopard gecko (D:1)
  2 ball pythons (D:2)
  4 giant cockroaches
  4 goblins
  2 hobgoblins (D:1)
  4 jackals (D:2)
  A quokka (D:2)
  2 bats
  A frilled lizard (D:1)
  3 kobolds
  3 rats
37 creatures vanquished.

Notes
Turn   | Place    | Note
-------+----------+-------------------------------------------
     0 | D:1      | Tirrikindir the Octopode Fighter began the quest for the
                  | Orb.
     0 | D:1      | Reached XP level 1. HP: 16/16 MP: 1/1
   135 | D:1      | Reached skill level 1 in Stealth
   135 | D:1      | Reached XP level 2. HP: 9/21 MP: 2/2
   865 | D:2      | Reached XP level 3. HP: 26/26 MP: 3/3
  1491 | D:2      | Reached XP level 4. HP: 31/31 MP: 4/4
  1575 | D:2      | Found a burning altar of Makhleb.
  1575 | D:2      | Noticed a cacodemon
  1578 | D:2      | Noticed a hellwing
  1578 | D:2      | Noticed a ynoxinul
  2065 | D:2      | Found a faded altar of an unknown god.
  2068 | D:2      | Became a worshipper of Uskayaw the Reveller
  2068 | D:2      | Reached * piety under Uskayaw
  2138 | D:$      | Got out of the dungeon alive.

Illustrated notes

Levels and vault maps discovered:
D:1:      minmay_arrival_wavy_path, layout_basic, minmay_door_square
D:2:      layout_loops_ring, chequers_ecumenical_altar_grove,
          makhleb_altar_promises_db, uniq_sigmund

Skill      XL: |  1  2  3  4 |
---------------+-------------+-----
Stealth        | 1 2 |  2.1
Long Blades    | 3 |  3.2
Fighting       | |  3.4
Dodging        | |  3.4
Shields        | |  3.3

Action                   |  1- 3 |  4- 6 || total
-------------------------+-------+-------++-------
Melee: Long sword        |    47 |    23 ||    70
       Constrict         |    15 |     7 ||    22
       Tentacles         |     8 |     3 ||    11
  Use: Scroll            |     5 |     2 ||     7
 Stab: Sleeping          |     3 |     4 ||     7
Armor: Skin              |     8 |     4 ||    12
Dodge: Dodged            |    30 |     5 ||    35
Block: Kite shield       |    16 |    12 ||    28
       Rpst.: Long sword |     9 |     2 ||    11
